 Dungeon Crawl Stone Soup version 0.20-a0-760-g49f5558 (webtiles) character file.

1239 GlassEater the Slinger (level 8, 0/54 HPs)
             Began as a Halfling Hunter on Feb 26, 2017.
             Slain by an orc warrior
             ... wielding a +1 scimitar of slicing
              (23 damage)
             ... on level 6 of the Dungeon.
             The game lasted 00:11:40 (4818 turns).

GlassEater the Slinger (Halfling Hunter)            Turns: 4818, Time: 00:11:41

Health: 0/54       AC:  5    Str: 13    XL:     8   Next: 78%
Magic:  8/8        EV: 16    Int:  9    God:
Gold:   379        SH:  0    Dex: 17    Spells: 7/7 levels left

rFire    + . .     SeeInvis .   b - +0 short sword
rCold    . . .     Gourm    .   u - +1 leather armour {rF+}
rNeg     . . .     Faith    .   (shield restricted)
rPois    .         Spirit   .   n - +0 hat
rElec    .         Reflect  .   (no cloak)
rCorr    .         Harm     .   (no gloves)
MR       .....                  s - +0 pair of boots (curse)
Stlth    ++........             (no amulet)
Regen    0.2/turn               (no ring)
MPRegen  0.2/turn               (no ring)

@: very slightly contaminated, invisible
A: mutation resistance 1
a: no special abilities


You were on level 6 of the Dungeon.
You were hungry.

You visited 1 branch of the dungeon, and saw 6 of its levels.

You collected 379 gold pieces.

Inventory:

Hand Weapons
 a - a +1 hunting sling
 b - a +0 short sword (weapon)
Missiles
 g - 63 stones (quivered)
 x - 22 sling bullets
Armour
 n - a +0 hat (worn)
 s - a cursed +0 pair of boots (worn)
 u - a +1 leather armour of fire resistance (worn)
Wands
 c - a wand of paralysis (24/24)
 y - a wand of polymorph (12/24)
Scrolls
 d - 3 scrolls of fear
 e - 3 scrolls of enchant armour {unknown}
 h - 2 scrolls of fog {unknown}
 j - 3 scrolls of teleportation
 p - 2 scrolls of magic mapping {unknown}
 q - 2 scrolls of enchant weapon {unknown}
 v - 2 scrolls of remove curse {unknown}
Potions
 i - 3 potions of might
 k - a potion of cancellation
 m - a potion of brilliance {unknown}
 t - a potion of agility {unknown}
 w - a potion of heal wounds
 B - a potion of haste {unknown}
 C - a potion of curing {unknown}
Books
 r - a book of Changes

   Spells                             Type                      Level
   a - Beastly Appendage              Transmutation                1
   b - Sticks to Snakes               Transmutation                2
   c - Spider Form                    Transmutation/Poison         3
   d - Ice Form                       Ice/Transmutation            4
   e - Blade Hands                    Transmutation                5
Comestibles
 f - 6 bread rations
 l - 4 royal jellies
 o - 2 meat rations


   Skills:
 + Level 4.1 Fighting
 + Level 3.3 Short Blades
 + Level 11.5 Slings
 + Level 3.3 Armour
 + Level 3.7 Dodging
 + Level 1.6 Stealth


You had 7 spell levels left.
You didn't know any spells.

Dungeon Overview and Level Annotations

Branches:
Dungeon (6/15)
 Temple: D:4-7

Altars:
Fedhas
Ru
The Shining One


Innate Abilities, Weirdness & Mutations

You are small and have problems with some larger weapons.
You are somewhat resistant to further mutation.


Message History

You catch the helpless orc warrior completely off-guard!
You hit the orc warrior.
The orc warrior is severely wounded.
You hit the orc warrior but do no damage.
The orc warrior is severely wounded.
You hit the orc warrior but do no damage.
The orc warrior is severely wounded.
The orc warrior barely misses you.
You strike the helpless orc warrior from behind!
You hit the orc warrior but do no damage.
The orc warrior is severely wounded.
The orc warrior closely misses you.
You catch the helpless orc warrior completely off-guard!
You hit the orc warrior but do no damage.
The orc warrior is severely wounded.
The orc warrior misses you.
You barely miss the orc warrior.
The orc warrior is severely wounded.
The orc warrior hits you with a scimitar of slicing!!
You die...

..#.......# ..#.......#
..#.......# ..#.......#
..#.......#
..#.......######
..'.............
.##.........###########
.#######.....ooo@.....#
.# #....#########.# .#
#........ . #.....####
. #.....# #..o..#
#...o## #.oo.. #....##


You could see an orc warrior, an orc wizard and an orc.

Vanquished Creatures
  The ghost of presbutan the Carver, a novice MiMo (D:6)
  A phantom (D:4)
  3 ogres
  A crimson imp (D:3)
  A hound (D:5)
  A bullfrog skeleton (D:5)
  2 iguanas
  Natasha (thrice) (D:2)
  An orc wizard (D:5)
  2 worker ants (D:4)
  A hound skeleton (D:4)
  6 adders
  A shadow imp (D:5)
  2 oozes
  2 adder zombies (D:5)
  A worm (D:3)
  2 dart slugs
  6 leopard geckos
  13 orcs
  A ball python (D:3)
  4 bats
  2 giant cockroaches (D:3)
  6 goblins
  4 hobgoblins
  3 jackals
  2 quokkas (D:4)
  A ball python skeleton (D:4)
  5 frilled lizards
  5 kobolds
  A quokka zombie (D:4)
  10 rats
94 creatures vanquished.

Vanquished Creatures (others)
  An orc wizard (D:6)
1 creature vanquished.

Grand Total: 95 creatures vanquished

Notes
Turn   | Place    | Note
-------+----------+-------------------------------------------
     0 | D:1      | GlassEater the Halfling Hunter began the quest for the Orb.
     0 | D:1      | Reached XP level 1. HP: 14/14 MP: 1/1
    95 | D:1      | Reached skill level 6 in Slings
   208 | D:1      | Reached XP level 2. HP: 19/19 MP: 2/2
   788 | D:2      | Reached skill level 7 in Slings
   788 | D:2      | Reached XP level 3. HP: 24/24 MP: 3/3
  1161 | D:2      | Found a blossoming altar of Fedhas.
  1289 | D:2      | Noticed Natasha
  1296 | D:2      | Killed Natasha
  1296 | D:2      | Reached XP level 4. HP: 29/29 MP: 4/4
  1348 | D:2      | Noticed Natasha
  1357 | D:2      | Killed Natasha
  1357 | D:2      | Reached skill level 1 in Short Blades
  1563 | D:2      | Reached XP level 5. HP: 34/34 MP: 5/5
  1699 | D:2      | Noticed Natasha
  1712 | D:2      | Killed Natasha
  1712 | D:2      | Reached skill level 8 in Slings
  1712 | D:2      | Reached skill level 1 in Armour
  2184 | D:3      | Reached XP level 6. HP: 41/41 MP: 6/6
  2532 | D:3      | Found a sacrificial altar of Ru.
  2597 | D:4      | Noticed a phantom
  2610 | D:4      | Killed a phantom
  2792 | D:4      | Reached skill level 9 in Slings
  2904 | D:4      | Noticed an ogre
  2914 | D:4      | Killed an ogre
  2914 | D:4      | Reached XP level 7. HP: 45/45 MP: 7/7
  3780 | D:5      | Entered Level 5 of the Dungeon
  3791 | D:5      | Found a glowing golden altar of the Shining One.
  3838 | D:5      | Reached skill level 10 in Slings
  4487 | D:5      | Reached XP level 8. HP: 52/52 MP: 8/8
  4725 | D:6      | Noticed presbutan's ghost (novice MiMo)
  4736 | D:6      | Killed presbutan's ghost
  4736 | D:6      | Reached skill level 11 in Slings
  4818 | D:6      | Slain by an orc warrior

Vault maps used:
D:1:      arrival_zaba_pyramid
D:2:      first_bread, fedhas_altar_4, uniq_natasha
D:3:      nicolae_ru_the_path_less_chosen
D:5:      nicolae_overflow_hidden_temple
D:6:      dk_noncrumbling_2, xom_redecorated, uniq_eustachio

Skill      XL: |  1  2  3  4  5  6  7  8 |
---------------+-------------------------+-----
Slings         | 6 7 8 9 10 11 | 11.5
Fighting       | 2 3 4 |  4.1
Short Blades   | 1 2 3 |  3.3
Armour         | 1 2 3 |  3.3
Dodging        | 3 |  3.7
Stealth        | |  1.6

Action                   |  1- 3 |  4- 6 |  7- 9 || total
-------------------------+-------+-------+-------++-------
Melee: Short sword       |    25 |    29 |   109 ||   163
 Fire: Hunting sling     |    55 |   141 |    89 ||   285
  Use: Scroll            |       |       |     8 ||     8
       Potion            |       |       |     2 ||     2
 Stab: Invisible         |       |       |     4 ||     4
  Eat: Chunk             |     1 |     5 |     5 ||    11
Armor: Leather armour    |    13 |     9 |    11 ||    33
       Chain mail        |       |       |    22 ||    22
Dodge: Dodged            |    31 |    34 |    57 ||   122
